 Dungeon Crawl Stone Soup version 0.26.1-11-gd32895ea62 (webtiles) character file.

Game seed: 14736139504341107946

36 MazenMmi the Digger (level 3, -1/20 HPs)
             Began as a Gargoyle Earth Elementalist on June 9, 2021.
             Was an Initiate of Sif Muna.
             Slain by a jackal (3 damage)
             ... on level 3 of the Dungeon.
             The game lasted 00:21:27 (3955 turns).

MazenMmi the Digger (Gargoyle Earth Elementalist)   Turns: 3955, Time: 00:21:28

Health: -1/20      AC:  5    Str: 11    XL:     3   Next: 37%
Magic:  6/6        EV: 12    Int: 16    God:    Sif Muna [......]
Gold:   173        SH:  0    Dex: 10    Spells: 1/7 levels left

rFire    . . .     SeeInvis .   e - +0 dagger
rCold    . . .     Faith    .   (no shield)
rNeg     + . .     Spirit   .   c - +0 robe
rPois    ∞         Reflect  .   (no helmet)
rElec    +         Harm     .   (no cloak)
rCorr    .         Rampage  .   (no gloves)
Will     .....                  (no boots)
Stlth    ++........             (no amulet)
HPRegen  0.06/turn              (no ring)
MPRegen  0.10/turn              (no ring)

@: no status effects
A: negative energy resistance 1, electricity resistance, unbreathing,
petrification resistance, miasma immunity, AC +3
a: Renounce Religion


You were on level 3 of the Dungeon.
You worshipped Sif Muna.
Sif Muna was noncommittal.
You visited 1 branch of the dungeon, and saw 3 of its levels.

You collected 173 gold pieces.

Inventory:

Hand Weapons
 e - a +0 dagger (weapon)
Armour
 c - a +0 robe (worn)
Scrolls
 a - a scroll of remove curse {unknown}
 b - a scroll of enchant armour {unknown}
 f - a scroll of magic mapping {unknown}
 i - 2 scrolls of enchant weapon
 l - a scroll of random uselessness {unknown}
Potions
 d - a potion of haste {unknown}
 g - 2 potions of ambrosia
 h - a potion of attraction {unknown}
 j - 4 potions of curing
 k - a potion of degeneration {unknown}


   Skills:
 + Level 1.0 Fighting
 - Level 1.5 Dodging
 + Level 2.6 Stealth
 * Level 2.5 Spellcasting
 - Level 0.7 Transmutations
 * Level 4.2 Earth Magic


You had one spell level left.
You knew the following spells:

 Your Spells              Type           Power        Failure   Level
a - Sandblast             Erth           30%          3%          1
b - Passwall              Tmut/Erth      7%           11%         2
c - Stone Arrow           Conj/Erth      16%          26%         3

Your spell library contained the following spells:

 Spells                   Type           Power        Failure   Level
 Petrify                  Tmut/Erth      9%           56%         4
 Lee's Rapid Deconstruct  Erth           7%           67%         5


Dungeon Overview and Level Annotations

Branches:
Dungeon (3/15)

Altars:
Makhleb
Sif Muna

Annotations:
D:1 exclusion: gnoll


Innate Abilities, Weirdness & Mutations

You are resistant to torment.
Your stone body is resilient. (AC +3)
You are immune to poison.
You resist negative energy. (rN+)
You are resistant to electric shocks. (rElec)
You can survive without breathing.
You are immune to petrification.
You are immune to miasma.


Message History

* * * LOW HITPOINT WARNING * * *
Found a club.
The goblin hits you but does no damage. The jackal barely misses you.
The jackal bites you.
* * * LOW HITPOINT WARNING * * *
The jackal closely misses you. The goblin barely misses you.
Found a scroll labelled JORPHO XIGAPTIE.
The jackal closely misses you. The jackal barely misses you.
The jackal bites you but does no damage.
The jackal bites you.
* * * LOW HITPOINT WARNING * * *
The jackal barely misses you. The adder bites you but does no damage.
The jackal bites you but does no damage.
The jackal completely misses you. The jackal closely misses you.
You barely miss the adder. The jackal barely misses you.
The adder bites you but does no damage. The jackal bites you.
You die...

............. #
#....#####...... #
##....# #.......
##.....# #......#
......####
#........#
#..S.....########
#.@hg...........###
#..h..K............
#..S...............
#...............)..
#...............###
#...............#
#...............#
#######..?......#
#.........#


You could see 2 adders, 2 jackals, a goblin and a kobold.

Vanquished Creatures
  A leopard gecko (D:1)
  2 bats
  A giant cockroach (D:1)
  8 hobgoblins
  2 jackals (D:2)
  5 kobolds
  A ball python (D:1)
  4 frilled lizards
  5 goblins
  4 rats
33 creatures vanquished.

Notes
Turn   | Place    | Note
-------+----------+-------------------------------------------
     0 | D:1      | MazenMmi the Gargoyle Earth Elementalist began the quest
                  | for the Orb.
     0 | D:1      | Reached XP level 1. HP: 10/10 MP: 3/3
   767 | D:1      | Reached XP level 2. HP: 16/16 MP: 0/5
   922 | D:1      | Learned a level 2 spell: Passwall
  1276 | D:1      | Reached skill level 4 in Earth Magic
  1827 | D:1      | Reached XP level 3. HP: 18/20 MP: 6/6
  1831 | D:1      | Learned a level 3 spell: Stone Arrow
  2454 | D:2      | Found a burning altar of Makhleb.
  2573 | D:2      | Reached skill level 1 in Fighting
  3567 | D:2      | Found a shimmering blue altar of Sif Muna.
  3573 | D:2      | Became a worshipper of Sif Muna the Loreminder
  3845 | D:3      | Found a faded altar of an unknown god.
  3944 | D:3      | HP: 1/20 [jackal (2)]
  3955 | D:3      | Slain by a jackal

Illustrated notes

Levels and vault maps discovered:
D:1:      dpeg_cavernosity, layout_basic, serial_aquarium,
          aquarium_bridge_square [aquarium_subvault_bridge,
          aquarium_subvault_bridge, aquarium_subvault_wall,
          aquarium_subvault_bridge], aquarium_window_corner,
          aquarium_window_double, aquarium_window_1, aquarium_view_2c,
          aquarium_view_2b, skrybe_limestone_x
D:2:      layout_loops_ring, led_sif_pool, lightli_temple_of_fire
D:3:      layout_basic, cheibriados_altar_1, grunt_gozag_statues,
          chequers_ecumenical_altar_island

Skill      XL: |  1  2  3 |
---------------+----------+-----
Earth Magic    | 4 |  4.2
Fighting       | 1 |  1.0
Dodging        | |  1.5
Stealth        | |  2.6
Spellcasting   | |  2.5
Transmutations | |  0.7

Action                   || total
-------------------------++-------
Melee: Club              ||    68
       Dagger            ||    14
 Cast: Sandblast         ||    33
       Passwall          ||     1
  Use: Scroll            ||     3
 Stab: Sleeping          ||     1
Armor: Robe              ||    38
Dodge: Dodged            ||    87
